 Dungeon Crawl Stone Soup version 0.16.2-12-gd0ad4c3 (webtiles) character file.

3052 Kisielow the Merchant of Misery (level 9, -3/51 (54) HPs)
             Began as a Deep Elf Necromancer on Sept 14, 2016.
             Was a Believer of Kikubaaqudgha.
             Shot with an arrow by a centaur (12 damage)
             ... on level 8 of the Dungeon.
             The game lasted 00:43:36 (11311 turns).

Kisielow the Merchant of Misery (DENe)             Turns: 11311, Time: 00:43:36

HP:   -3/51 (54)    AC:  7    Str:  5    XL:     9   Next: 57%
MP:   47/51         EV: 15    Int: 24    God:    Kikubaaqudgha [**....]
Gold: 390           SH:  0    Dex: 15    Spells: 7 memorised, 3 levels left

rFire  . . .     SeeInvis +     s - staff of power
rCold  . . .     Clarity  .     d - +1 leather armour of Intercession {rPois Regen+ MP+9}
rNeg   . . .     SustAb   .     (no shield)
rPois  +         Gourm    .     (no helmet)
rElec  .         Spirit   .     (no cloak)
rCorr  .         Warding  .     (no gloves)
rMut   .         Stasis   .     j - +2 pair of boots {run}
MR     +....                    (no amulet)
Stlth  ++........               p - ring of protection from magic
                                i - ring of see invisible

@: drained, quick, somewhat resistant to hostile enchantments, unstealthy
A: wild magic 1
a: Receive Corpses, Renounce Religion


You were on level 8 of the Dungeon.
You worshipped Kikubaaqudgha.
Kikubaaqudgha was pleased with you.
You were not hungry.

You visited 2 branches of the dungeon, and saw 9 of its levels.
You also visited: Ossuary.

You collected 390 gold pieces.

Inventory:

Armour
 a - a +0 robe
 d - the +1 leather armour of Intercession (worn) {rPois Regen+ MP+9}
   (You found it on level 5 of the Dungeon)

   It protects you from poison.
   It affects your magic capacity (+9).
   It increases your rate of regeneration.
 j - a +2 pair of boots of running (worn)
 w - a +1 pair of gloves
Magical staves
 s - an uncursed staff of power (weapon)
Jewellery
 e - an uncursed ring of poison resistance
 f - an uncursed ring of magical power
 i - a ring of see invisible (left hand)
 p - a ring of protection from magic (right hand)
Magical devices
 y - a wand of fireball (0)
 A - a wand of fire (0)
 B - a wand of lightning (0)
Scrolls
 r - 2 scrolls of remove curse
 u - 2 scrolls of magic mapping
 x - 2 scrolls of teleportation
Potions
 l - 2 potions of cancellation
 m - 5 potions of curing
 n - 5 potions of brilliance
 o - a potion of flight
 t - a potion of cure mutation
 z - a potion of berserk rage {unknown}
 C - a potion of poison {unknown}
Books
 b - a book of Necromancy

   Spells                             Type                      Level
   a - Pain                           Necromancy                   1
   b - Animate Skeleton               Necromancy                   1
   c - Vampiric Draining              Necromancy                   3
   d - Regeneration                   Charms/Necromancy            3
   e - Animate Dead                   Necromancy                   4
   f - Control Undead                 Necromancy                   4
 g - Kikubaaqudgha's Tome of Evil Magic
   (Kikubaaqudgha gifted it to you on level 3 of the Dungeon)

   Spells                             Type                      Level
   a - Pain                           Necromancy                   1
   b - Corpse Rot                     Necromancy                   2
   c - Sublimation of Blood           Necromancy                   2
   d - Vampiric Draining              Necromancy                   3
   e - Control Undead                 Necromancy                   4
 k - a book of Frost

   Spells                             Type                      Level
   a - Freeze                         Ice                          1
   b - Throw Frost                    Conjuration/Ice              2
   c - Ozocubu's Armour               Charms/Ice                   3
   d - Throw Icicle                   Conjuration/Ice              4
   e - Summon Ice Beast               Ice/Summoning                4
   f - Condensation Shield            Ice                          4
 v - a book of Flames

   Spells                             Type                      Level
   a - Flame Tongue                   Conjuration/Fire             1
   b - Throw Flame                    Conjuration/Fire             2
   c - Conjure Flame                  Conjuration/Fire             3
   d - Inner Flame                    Hexes/Fire                   3
   e - Sticky Flame                   Conjuration/Fire             4
   f - Fireball                       Conjuration/Fire             5
Comestibles
 c - 2 bread rations
 h - a fruit
 q - a royal jelly


   Skills:
 - Level 5.5(5.1) Fighting
 - Level 8.5(8.0) Dodging
 - Level 2.4(2.0) Stealth
 - Level 5.0(4.5) Spellcasting
 * Level 0.0 Conjurations
 - Level 11.3(10.8) Necromancy
 + Level 0.0 Ice Magic


You had 3 spell levels left.
You knew the following spells:

 Your Spells              Type           Power        Failure   Level  Hunger
a - Pain                  Necr           ####         1%          1    None
b - Throw Frost           Conj/Ice       #.....       38%         2    None
p - Animate Skeleton      Necr           N/A          1%          1    None
q - Animate Dead          Necr           N/A          5%          4    ####...
r - Regeneration          Chrm/Necr      #####.....   13%         3    ##.....
s - Corpse Rot            Necr           N/A          2%          2    None
w - Sublimation of Blood  Necr           ######....   2%          2    None


Dungeon Overview and Level Annotations

Branches:
Dungeon (8/15)             Temple (1/1) D:4
   Lair: D:8-11

Altars:
Ashenzari
Cheibriados
Dithmenos
Elyvilon
Fedhas
Gozag
Kikubaaqudgha
Makhleb
Nemelex Xobeh
Okawaru
Qazlal
Ru
Sif Muna
Trog
Xom
Yredelemnul
Zin
The Shining One

Shops:
D:7 *

Annotations:
D:6 Dowan, Duvessa


Innate Abilities, Weirdness & Mutations

Your spells are a little harder to cast, but a little more powerful.


Message History

The arrow barely misses you. The arrow hits your scorpion zombie!
Casting: Pain
Confirm with . or Enter, or press ? or * to list all spells.
Aiming: Pain
Press: ? - help, Shift-Dir - straight line, f/p - centaur
Aim: a centaur, wielding a shortbow (heavily wounded, chance 84%)
The centaur barely resists.
The centaur shoots an arrow.
The arrow hits you.
* * * LOW HITPOINT WARNING * * *
The centaur shoots an arrow.
The arrow misses you. The arrow hits your scorpion zombie!
Casting: Pain
Confirm with . or Enter, or press ? or * to list all spells.
Aiming: Pain
Press: ? - help, Shift-Dir - straight line, f/p - centaur
Aim: a centaur, wielding a shortbow (heavily wounded, chance 84%)
The centaur barely resists.
The centaur shoots an arrow.
The arrow hits you.
* * * LOW HITPOINT WARNING * * *
You swap places.
The centaur shoots an arrow.
The arrow hits you!
You die...
Kikubaaqudgha rasps: "You have failed me!
Welcome... death!"

######...########
...............>#
#######..##.###.####
#..##.##.......
##)##.##........
#..#.##....c...
#..#.##........
#..#.##.........
#....Z@Z........
##...##.........
##..##........
#..##........
#..##."......
#..##.......
#..##..!...
#..####### #..#


You could see a centaur, a friendly scorpion zombie and a friendly kobold
zombie.

Vanquished Creatures
  A human (D:7)
  Edmund (D:7)
  3 ice beasts
  2 sky beasts
  3 ogres
  A centaur (D:6)
  A giant frog (D:6)
  A big kobold (D:8)
  A water moccasin zombie (D:7)
  2 scorpions
  5 wights (D:8)
  3 killer bees (D:7)
  A jelly (D:5)
  A crimson imp (D:5)
  A goliath beetle (D:7)
  3 orc priests
  2 giant frog skeletons (D:6)
  A gnoll shaman (D:6)
  4 hounds
  An orc wizard (D:3)
  An iguana (D:3)
  3 worker ants
  Ijyb (D:6)
  7 adders
  3 gnolls (D:6)
  A shadow imp (D:6)
  2 worms (D:2)
  An adder skeleton (D:5)
  5 giant geckos
  2 oozes
  10 orcs
  A ball python (D:3)
  16 bats
  6 giant cockroaches
  9 hobgoblins
  9 jackals
  4 quokkas
  6 giant newts
  16 goblins
  16 kobolds
  9 rats
166 creatures vanquished.

Vanquished Creatures (collateral kills)
  Grinder (D:4)
  Eustachio (D:7)
  A human (D:7)
  A necrophage (D:4)
  A centaur (D:4)
  2 giant frogs
  A scorpion (D:4)
  2 crimson imps (D:7)
  A wasp zombie (D:7)
  A giant frog skeleton (D:4)
  A hound (D:4)
  2 orc wizards (D:4)
  3 worker ants
  An adder (D:7)
  6 orcs
  A ball python (D:3)
  2 bat zombies
  A goblin (D:4)
  A bat (D:1)
  2 kobolds (D:4)
  2 rats (D:7)
34 creatures vanquished.

Vanquished Creatures (others)
  A giant frog zombie (D:4)
  A hound (D:5)
  A killer bee zombie (D:7)
  A big kobold zombie (D:8)
  2 hound zombies
  A worker ant zombie (D:6)
  A human zombie (D:7)
  A scorpion zombie (D:5)
  3 adder zombies
  5 orc zombies
  An adder skeleton (D:3)
  A bat zombie (D:3)
  A goblin (D:5)
  A kobold (D:5)
  A giant cockroach zombie (D:7)
  3 giant gecko zombies
  A giant newt skeleton (D:2)
  A giant newt zombie (D:6)
  A goblin zombie (D:4)
  2 hobgoblin skeletons
  A hobgoblin zombie (D:5)
  6 jackal zombies
  A kobold skeleton (D:3)
  2 kobold zombies
  A quokka skeleton (D:3)
  A rat (D:5)
  3 rat skeletons
  2 rat zombies
47 creatures vanquished.

Grand Total: 247 creatures vanquished

Notes
Turn   | Place    | Note
--------------------------------------------------------------
     0 | D:1      | Kisielow, the Deep Elf Necromancer, began the quest for the Orb.
     0 | D:1      | Reached XP level 1. HP: 10/10 MP: 5/5
     5 | D:1      | Reached skill level 5 in Necromancy
    14 | D:1      | Learned a level 1 spell: Animate Skeleton
   449 | D:1      | Reached XP level 2. HP: 9/15 MP: 0/8
  1627 | D:2      | Reached skill level 6 in Necromancy
  1632 | D:2      | Reached XP level 3. HP: 2/19 MP: 2/10
  2612 | D:3      | Reached XP level 4. HP: 6/24 MP: 6/13
  2635 | D:3      | Learned a level 4 spell: Animate Dead
  2639 | D:3      | Learned a level 3 spell: Regeneration
  2856 | D:3      | Noticed Grinder
  2858 | D:3      | Paralysed by Grinder for 2 turns
  2865 | D:4      | Found a staircase to the Ecumenical Temple.
  2880 | Temple   | Entered the Ecumenical Temple
  2993 | D:4      | Identified a +2 pair of boots of running (You found it on level 4 of the Dungeon)
  3004 | D:4      | Noticed an ogre
  3005 | D:4      | Found a shadowy altar of Dithmenos.
  3011 | D:4      | Killed an ogre
  3011 | D:4      | Reached skill level 7 in Necromancy
  3011 | D:4      | Reached XP level 5. HP: 23/28 MP: 16/16
  3014 | D:4      | Reached skill level 8 in Necromancy
  3229 | D:4      | Noticed an ogre
  3235 | D:4      | Killed an ogre
  3257 | D:4      | Found a sparkling altar of Nemelex Xobeh.
  3257 | D:4      | Found an opulent altar of Gozag.
  3271 | D:4      | Reached XP level 6. HP: 27/32 MP: 18/18
  3336 | D:4      | Reached skill level 9 in Necromancy
  3878 | D:4      | Reached skill level 10 in Necromancy
  3907 | D:4      | Found an ancient bone altar of Kikubaaqudgha.
  3918 | D:4      | Became a worshipper of Kikubaaqudgha
  4030 | D:4      | Reached XP level 7. HP: 11/37 MP: 20/20
  4341 | D:4      | Killed Grinder
  4341 | D:4      | Reached skill level 1 in Fighting
  4780 | D:3      | Acquired Kikubaaqudgha's first power
  4780 | D:3      | Received a gift from Kikubaaqudgha
  4783 | D:3      | Identified Kikubaaqudgha's Tome of Evil Magic (Kikubaaqudgha gifted it to you on level 3 of the Dungeon)
  4788 | D:3      | Learned a level 2 spell: Sublimation of Blood
  4791 | D:3      | Learned a level 2 spell: Corpse Rot
  5037 | D:5      | Entered Level 5 of the Dungeon
  5060 | D:5      | Found a sand-covered staircase.
  5066 | Ossuary  | Entered an ossuary
  5268 | D:5      | Found a shimmering altar of Xom.
  5508 | D:5      | Reached skill level 5 in Dodging
  5508 | D:5      | Reached XP level 8. HP: 22/45 MP: 23/23
  6042 | D:5      | Got a turquoise-encrusted leather armour
  6053 | D:5      | Identified the +1 leather armour of Intercession {rPois Regen+ MP+9} (You found it on level 5 of the Dungeon)
  6290 | D:5      | Acquired Kikubaaqudgha's second power
  7354 | D:6      | Reached skill level 5 in Spellcasting
  7416 | D:6      | Noticed Dowan
  7417 | D:6      | Noticed Duvessa
  8321 | D:7      | Found Bacwol Maet's Assorted Antiques.
  8496 | D:7      | Noticed Eustachio
  8541 | D:7      | Killed Eustachio
  8637 | D:7      | Found a burning altar of Makhleb.
  8715 | D:7      | Noticed Edmund
  8745 | D:7      | Killed Edmund
  8853 | D:7      | Found an iron altar of Okawaru.
  8864 | D:7      | Reached XP level 9. HP: 34/49 MP: 25/25
  8877 | D:7      | Your ally Eustachio died
  8956 | D:7      | Found a glowing silver altar of Zin.
  9017 | D:7      | Gained mutation: Your spells are a little harder to cast, but a little more powerful. [mutagenic meat]
  9099 | D:7      | Found a stormy altar of Qazlal.
  9125 | D:7      | Found a blossoming altar of Fedhas.
  9641 | D:6      | Noticed Ijyb
  9649 | D:6      | Killed Ijyb
 10119 | D:6      | Found a bloodstained altar of Trog.
 10167 | D:6      | Reached skill level 11 in Necromancy
 10254 | D:6      | Reached skill level 5 in Fighting
 10649 | D:8      | HP: 2/51 [shot self (7)]
 11208 | D:8      | Learned a level 2 spell: Throw Frost
 11311 | D:8      | Shot with an arrow by a centaur

Action                   |  1- 3 |  4- 6 |  7- 9 || total
-------------------------+-------+-------+-------++-------
Melee: Unarmed           |     9 |     1 |   330 ||   340
 Cast: Pain              |    78 |    51 |   307 ||   436
       Animate Skeleton  |    10 |     3 |     6 ||    19
       Animate Dead      |       |    13 |    38 ||    51
       Regeneration      |       |     2 |     6 ||     8
       Corpse Rot        |       |       |     1 ||     1
Evoke: Wand              |       |       |     7 ||     7
  Use: Potion            |     3 |       |     2 ||     5
       Scroll            |     1 |     2 |    13 ||    16
 Stab: Distracted        |       |       |     2 ||     2
  Eat: Chunk             |     4 |     2 |     6 ||    12
       Bread ration      |       |     1 |     3 ||     4
       Beef jerky        |       |       |     2 ||     2
       Fruit             |       |       |     1 ||     1
       Meat ration       |       |       |     2 ||     2
